 Dungeon Crawl Stone Soup version 0.31-a0-4-gefa6de2278 (webtiles) character file.

Game seed: 6360980386827866727

17795 Pimp the Cleaver (level 12, -6/113 HPs)
             Began as a Hill Orc Monk on May 4, 2023.
             Was a High Priest of Okawaru.
             Killed from afar by a ynoxinul (18 damage)
             ... with an iron shot
             ... on level 12 of the Dungeon.
             The game lasted 00:19:24 (12244 turns).

Pimp the Cleaver (Hill Orc Monk)                   Turns: 12244, Time: 00:19:24

Health: -6/113     AC: 16    Str: 19 (20) XL:     12   Next: 51%
Magic:  15/15      EV: 11    Int:  9 (12) God:    Okawaru [*****.]
Gold:   756        SH:  0    Dex: 11 (13) Spells: 10/15 levels left

rFire   . . .        g - +5 war axe (flame)
rCold   x . .        d - orb {light}
rNeg    . . .        m - +3 chain mail
rPois   .            T - +0 helmet "Duseloge" {+Inv}
rElec   .            K - scarf {repulsion}
rCorr   +            (no gloves)
SInv    +            (no boots)
Will    .....        (no amulet) Stlth
                     i - ring of fire
HPRegen 0.38/turn    w - ring of Icaebaskyoce {rF- rCorr Str+3 SInv}
MPRegen 0.14/turn

%: repel missiles
@: confused, ambrosia-drunk, glowing
A: no striking features
a: Renounce Religion, Evoke Invisibility, Heroism, Finesse, Duel


You were on level 12 of the Dungeon.
You worshipped Okawaru.
Okawaru was extremely pleased with you.
You visited 1 branch of the dungeon, and saw 12 of its levels.

You collected 785 gold pieces.
You spent 29 gold pieces at shops.

Inventory:

Hand Weapons
 a - a +0 hand axe
 g - a +5 war axe of flaming (weapon)
Missiles
 f - a throwing net
 D - a boomerang (quivered)
Armour
 b - a +0 robe
 d - an orb of light (worn)
 j - a +0 pair of boots
 m - a +3 chain mail (worn)
 r - a +2 cloak
 B - a +0 kite shield
 K - a scarf of repulsion (worn)
 T - the +0 helmet "Duseloge" (worn) {+Inv}
   (Okawaru gifted it to you on level 12 of the Dungeon)

   +Inv:      It lets you turn invisible.
Jewellery
 e - a ring of ice
 i - a ring of fire (left hand)
 n - a ring of resist corrosion
 p - a ring of ice
 w - the ring of Icaebaskyoce (right hand) {rF- rCorr Str+3 SInv}
   (You found it on level 7 of the Dungeon)

   [ring of resist corrosion]

   Str:       It affects your strength (+3).
   rF:        It makes you vulnerable to fire.
   SInv:      It lets you see invisible.
   rCorr:     It protects you from acid and corrosion.
 M - an amulet of regeneration
 P - the ring of the Middle {rElec rN+ MP+9 Int-4}
   (You found it on level 11 of the Dungeon)

   [ring of positive energy]

   Int:       It affects your intelligence (-4).
   rElec:     It insulates you from electricity.
   rN:        It protects you from negative energy.
   MP:        It affects your magic capacity (+9).
 R - an amulet of guardian spirit
Wands
 k - a wand of flame (70)
 o - a wand of light (11)
 x - a wand of digging (4)
 F - a wand of iceblast (11)
 S - a wand of mindburst (10)
Scrolls
 q - 2 scrolls of poison
 v - 3 scrolls of magic mapping {unknown}
 y - 4 scrolls of identify
 C - 3 scrolls of butterflies {unknown}
 N - a scroll of teleportation
 O - a scroll of silence {unknown}
Potions
 c - 4 potions of ambrosia
 h - 2 potions of cancellation
 l - a potion of brilliance
 t - 4 potions of lignification
 u - a potion of might {unknown}
 z - a potion of degeneration
 A - 3 potions of haste
 G - 2 potions of flight {unknown}
 H - 2 potions of berserk rage {unknown}
 I - 2 potions of curing {unknown}
 Q - a potion of experience {unknown}
Miscellaneous
 J - a piece from Xom's chessboard (15/15)


   Skills:
 + Level 12.3 Fighting
 + Level 13.3 Axes
 + Level 10.6 Armour
 + Level 8.7 Dodging
 + Level 2.0 Spellcasting
 + Level 2.7 Conjurations
 + Level 3.1 Fire Magic


You had 10 spell levels left.
You knew the following spells:

 Your Spells              Type           Power      Damage    Failure   Level
a - Fireball              Conj/Fire      4%         3d4       100%        5

Your spell library contained the following spells:

 Spells                   Type           Power      Damage    Failure   Level
 Foxfire                  Conj/Fire      36%        2x1d5     52%         1
 Magic Dart               Conj           20%        1d4       54%         1
 Beastly Appendage        Tmut           0%         N/A       88%         1
 Ensorcelled Hibernation  Hex/Ice        0%         N/A       96%         2
 Passwall                 Tmut/Erth      0%         N/A       96%         2
 Wereblood                Tmut           0%         N/A       96%         2
 Inner Flame              Hex/Fire       5%         N/A       97%         3
 Mephitic Cloud           Conj/Pois/Air  2%         N/A       99%         3
 Spider Form              Tmut/Pois      0%         N/A       99%         3
 Swiftness                Air            0%         N/A       99%         3
 Flame Wave               Conj/Fire      9%         2d6       99%         4
 Sticky Flame             Conj/Fire      9%         2d3       99%         4
 Plasma Beam              Fire/Air       2%         2x1d14    100%        6
 Starburst                Conj/Fire      4%         6d4       100%        6
 Call Imp                 Summ           Unusable   N/A       N/A         2

Dungeon Overview and Level Annotations

Branches:
Dungeon (12/15)            Temple (0/1) D:7            Lair (0/5) D:9
    Orc (0/2) D:10

Altars:
Elyvilon
Fedhas
Hepliaklqana
Kikubaaqudgha
Makhleb
Okawaru
Trog
Uskayaw
Wu Jian
Xom

Shops:
D:4 *   D:6 [   D:7 *

Annotations:
D:7 2 transporters, SirDiesAlot's ghost, novice OgVM


Message History

* * * LOW HITPOINT WARNING * * *
The red devil barely misses you.
The barbed spikes dig painfully into your body as you move.
* * * LOW HITPOINT WARNING * * *
You feel much better.
The red devil hits you from afar with a +0 trident.
Barbed spikes become lodged in your body.
The barbed spikes dig painfully into your body as you move.
* * * LOW HITPOINT WARNING * * *
The red devil closely misses you.
You slash the red devil!
You kill the red devil!
Okawaru accepts your kill.
The ynoxinul gestures.
You hit the ufetubus. You burn the ufetubus.
The ufetubus is moderately wounded.
The ufetubus closely misses you.
The ufetubus hits you but does no damage.
You barely miss the ufetubus.
The ufetubus is moderately wounded.
The ufetubus hits you but does no damage.
The ufetubus hits you.
* * * LOW HITPOINT WARNING * * *
You slice the ufetubus!! You burn the ufetubus.
You kill the ufetubus!
The ufetubus disappears in a puff of smoke!
The ynoxinul gestures at you. The iron shot hits you!!
* * * LOW HITPOINT WARNING * * *
The barbed spikes dig painfully into your body as you move.
* * * LOW HITPOINT WARNING * * *
It was a potion of degeneration.
There was something very wrong with that liquid.
You feel weakened.
You feel dopey.
You feel clumsy.
You carefully extract the barbed spikes from your body.
You are confused.
You feel invigorated. The ynoxinul gestures at you. The iron shot hits you!!
You die...

#.# . #.# #.# .
#.####.######## #
##.#.............# #
######..#.##.#######..# #
#.....(.#.##.# #..## # #
#.......#§##.######<..##.###
#......§#§##........#.......
#......§§§3@....###...#####.
#......§#§#####.##..........
#.......#§# #......######.
#........§# ####.#.#####..
####.####.########.#.##.....
#. #54....[.....##.##)) #
#43########.#(##....) #...
#.#..†..#.) #..♣♣
#.####.##<#


You could see a ynoxinul.

Vanquished Creatures
  Harold (D:10)
  2 two-headed ogres (D:11)
  Urug (D:11)
  A cyclops (D:12)
  A gargoyle (D:10)
  An unseen horror (D:11)
  An ice devil (D:12)
  Psyche (D:10)
  A queen bee (D:11)
  A red devil (D:12)
  A troll (D:9)
  2 shadows
  2 wraiths
  A vampire (D:10)
  2 wyverns (D:9)
  37 yaks
  2 steam dragons (D:8)
  Eustachio (D:4)
  Grum (D:10)
  A water moccasin (D:8)
  A black bear (shapeshifter) (D:12)
  6 ice beasts
  Duvessa (D:4)
  A sky beast (D:7)
  2 black bears
  8 orc warriors
  3 ogres
  4 wolves (D:10)
  6 centaurs
  A kobold brigand (D:10)
  A gnoll sergeant (D:8)
  5 bullfrogs
  6 scorpions
  29 killer bees
  Dowan (D:4)
  3 electric eels
  4 howler monkeys
  Crazy Yiuf (D:3)
  A hound (D:5)
  2 jellies
  2 gnoll boudas
  11 orc priests
  Terence (D:3)
  9 iguanas
  6 orc wizards
  13 gnolls
  6 adders
  A white imp (D:7)
  2 ufetubi (D:5)
  A worm (D:2)
  5 dart slugs
  33 orcs
  4 ball pythons
  7 bats
  9 endoplasms
  6 giant cockroaches
  13 goblins
  6 hobgoblins
  9 jackals
  15 kobolds
  4 quokkas
  3 frilled lizards
  6 rats
319 creatures vanquished.

Vanquished Creatures (others)
  3 demonic plants (D:12)
  8 fungi (D:9)
  7 plants
18 creatures vanquished.

Grand Total: 337 creatures vanquished

Notes
Turn   | Place    | Note
-------+----------+-------------------------------------------
     0 | D:1      | Pimp the Hill Orc Monk began the quest for the Orb.
     0 | D:1      | Reached XP level 1. HP: 19/19 MP: 1/1
   218 | D:1      | Reached XP level 2. HP: 27/27 MP: 2/2
   405 | D:1      | Reached XP level 3. HP: 28/33 MP: 3/3
   466 | D:1      | Reached skill level 1 in Armour
  1145 | D:2      | Reached XP level 4. HP: 34/41 MP: 4/4
  1239 | D:2      | Found a faded altar of an unknown god.
  1616 | D:2      | Reached skill level 5 in Axes
  1720 | D:3      | Found an iron altar of Okawaru.
  1746 | D:3      | Noticed Terence
  1756 | D:3      | Killed Terence
  1757 | D:3      | Reached XP level 5. HP: 33/47 MP: 5/5
  1906 | D:3      | Found a runed translucent door.
  1907 | D:3      | Noticed Crazy Yiuf
  2148 | D:3      | Found an ancient bone altar of Kikubaaqudgha.
  2151 | D:3      | Found a blossoming altar of Fedhas.
  2463 | D:3      | Killed Crazy Yiuf
  2600 | D:3      | Became a worshipper of Warmaster Okawaru
  2600 | D:3      | Reached * piety under Okawaru
  2600 | D:3      | Reached ** piety under Okawaru
  2777 | D:4      | Found a white marble altar of Elyvilon.
  2780 | D:4      | Noticed Dowan
  2780 | D:4      | Noticed Duvessa
  2790 | D:4      | Killed Duvessa
  2791 | D:4      | Reached skill level 5 in Fighting
  2791 | D:4      | Reached XP level 6. HP: 37/56 MP: 6/6
  2794 | D:4      | Killed Dowan
  2970 | D:4      | Found Oguw's Fire Supplies.
  2995 | D:4      | Found a hide-covered altar of Uskayaw.
  2997 | D:4      | Noticed a +0 dagger
  2997 | D:4      | Noticed a +0 hand axe
  3381 | D:4      | Noticed Eustachio
  3428 | D:4      | Killed Eustachio
  3429 | D:4      | Reached skill level 6 in Axes
  3429 | D:4      | Reached XP level 7. HP: 37/62 MP: 7/7
  3584 | D:5      | Entered Level 5 of the Dungeon
  3867 | D:5      | Reached *** piety under Okawaru
  4032 | D:5      | Reached skill level 7 in Axes
  4032 | D:5      | Reached XP level 8. HP: 35/71 MP: 8/8
  4632 | D:5      | Found a hazy altar of Hepliaklqana.
  5057 | D:6      | Reached skill level 5 in Armour
  5071 | D:6      | Reached skill level 8 in Axes
  5071 | D:6      | Reached skill level 5 in Dodging
  5076 | D:6      | Reached **** piety under Okawaru
  5531 | D:6      | Found Zeikat's Armour Boutique.
  5612 | D:6      | Reached XP level 9. HP: 61/79 MP: 9/9
  5942 | D:7      | Reached skill level 9 in Axes
  6316 | D:7      | Identified the ring of Icaebaskyoce {rF- rCorr Str+3 SInv}
  6424 | D:7      | Found a shimmering altar of Xom.
  6444 | D:7      | Found a transporter.
  6445 | D:7      | Found a transporter.
  6445 | D:7      | Noticed SirDiesAlot's ghost (novice OgVM)
  6445 | D:7      | Identified the +4 dire flail "Geolar" {heavy, Will- Int+5}
  6445 | D:7      | Noticed a two-headed ogre
  6527 | D:7      | Received a gift from Okawaru
  6676 | D:7      | Found a transporter.
  6676 | D:7      | Found a transporter.
  6708 | D:7      | Found Tifajubu's Assorted Antiques.
  6711 | D:7      | Bought a scroll labelled CIRITEV HYNGAU for 29 gold pieces
  6744 | D:7      | Found a bloodstained altar of Trog.
  6791 | D:7      | Found a staircase to the Ecumenical Temple.
  6996 | D:7      | Found a burning altar of Makhleb.
  7383 | D:8      | Received a gift from Okawaru
  7384 | D:8      | Reached skill level 10 in Axes
  7384 | D:8      | Reached XP level 10. HP: 73/91 MP: 10/10
  7390 | D:8      | Reached ***** piety under Okawaru
  7787 | D:8      | Received a gift from Okawaru
  8328 | D:9      | Reached skill level 10 in Fighting
  8371 | D:9      | Found a staircase to the Lair.
  8380 | D:9      | Reached skill level 11 in Axes
  8601 | D:9      | Reached XP level 11. HP: 101/101 MP: 11/11
  8980 | D:10     | Entered Level 10 of the Dungeon
  9004 | D:10     | Noticed Grum
  9019 | D:10     | Noticed Harold
  9043 | D:10     | Received a gift from Okawaru
  9474 | D:10     | Killed Grum
  9480 | D:10     | Reached skill level 12 in Axes
  9481 | D:10     | Identified the +1 robe of the Forest {Contam rElec
                  | Archmagi} (Okawaru gifted it to you on level 10 of the
                  | Dungeon)
  9481 | D:10     | Received a gift from Okawaru
  9639 | D:10     | Killed Harold
  9836 | D:10     | Found an ornate altar of the Wu Jian Council.
  9998 | D:10     | Noticed Psyche
 10014 | D:10     | Killed Psyche
 10243 | D:10     | Found a staircase to the Orcish Mines.
 10358 | D:10     | Reached skill level 10 in Armour
 10784 | D:11     | Learned a level 5 spell: Fireball
 10926 | D:11     | Identified the ring of the Middle {rElec rN+ MP+9 Int-4}
 11003 | D:11     | Noticed a two-headed ogre
 11008 | D:11     | Killed a two-headed ogre
 11044 | D:11     | Noticed Urug
 11055 | D:11     | Killed Urug
 11056 | D:11     | Reached skill level 1 in Conjurations
 11056 | D:11     | Reached skill level 1 in Fire Magic
 11056 | D:11     | Reached XP level 12. HP: 67/112 MP: 11/13
 11384 | D:11     | Reached skill level 13 in Axes
 11384 | D:11     | Reached skill level 1 in Spellcasting
 11453 | D:11     | Noticed a two-headed ogre
 11456 | D:11     | Killed a two-headed ogre
 12043 | D:12     | Identified the +0 helmet "Duseloge" {+Inv} (Okawaru gifted
                  | it to you on level 12 of the Dungeon)
 12043 | D:12     | Received a gift from Okawaru
 12244 | D:12     | Killed from afar by a ynoxinul

Illustrated notes

Levels and vault maps discovered:
D:1:      saegor_arrival_simple_b, layout_basic, minmay_misc_feat_cross,
          chequers_jeans, minmay_pentomino_p4
D:2:      kennysheep_the_goblin_king, layout_basic,
          ebering_ecumenical_altar_sacrificial
D:3:      layout_basic, grunt_temple_overflow_growth_and_decay,
          lemuel_coloured_pillars_altar, amcnicky_mini_pool_small, uniq_terence,
          uniq_crazy_yiuf_cottage
D:4:      layout_gridville, nicolae_overflow_crystal_walls,
          dancing_weapons_uskayaw, corexii_checkpoint_b, st_stairs_6,
          minivault_23, nicolae_shop_fire_sale [nicolae_sub_dead_trees],
          uniq_duvessa, uniq_eustachio
D:5:      layout_layer_cave, nzn_hepliaklqana_mist_gate
D:6:      layout_rooms, serial_shops, nicolae_shop_peninsula
D:7:      gammafunk_steamed_eel, layout_cave_pools, lightli_temple_of_fire,
          trog_three_pillars_becter, mainiacjoe_overflow_24_doors,
          minmay_temple_entry_poolview, serial_shops, nicolae_shop_behind_doors,
          gammafunk_ghost_smash, minmay_fractal_squares_5
D:8:      layout_rooms, minivault_4
D:9:      layout_basic, grunt_lair_entry_orc_guard_hut
D:10:     layout_rooms, amcnicky_altar_gilded, david_orc_4, uniq_harold,
          uniq_grum, uniq_psyche
D:11:     layout_roguey, special_room [special_room_bee], uniq_urug
D:12:     layout_loops_ring, serial_demonic, serial_demonic_f, serial_demonic_b,
          serial_demonic_e, serial_demonic_a, serial_demonic_c,
          serial_demonic_d, serial_demonic_a, serial_demonic_g

Skill      XL: |  1  2  3  4  5  6  7  8  9 10 11 12 |
---------------+-------------------------------------+-----
Fighting       | 4 5 6 7 9 10 11 12 | 12.3
Armour         | 1 2 3 4 5 7 8 10 | 10.6
Dodging        | 3 4 5 6 7 8 |  8.7
Axes           | 5 6 7 8 10 11 12 13 | 13.3
Conjurations   | 1 2 |  2.7
Fire Magic     | 1 3 |  3.1
Spellcasting   | 2 |  2.0

Action                     |  1- 3 |  4- 6 |  7- 9 | 10-12 || total
---------------------------+-------+-------+-------+-------++-------
  Melee: Hand axe          |    46 |       |       |       ||    46
         War axe           |    41 |    93 |   173 |   435 ||   742
    Use: Scroll            |       |    11 |     6 |     5 ||    22
         Potion            |       |       |     3 |     7 ||    10
 Armour: Robe              |    19 |     1 |       |       ||    20
         Chain mail        |       |    94 |   115 |   224 ||   433
         Skin              |       |       |       |     1 ||     1
  Dodge: Dodged            |    61 |    66 |   112 |   221 ||   460
         Repelled          |       |       |       |     2 ||     2

Table legend: (Time is in decaauts)
 A = Elapsed time spent in this place.
 B = Non-inter-level travel time spent in this place.
 C = Inter-level travel time spent in this place.
 D = Time resting spent in this place.
 E = Time spent auto-exploring this place.
 F = Levels seen in this place.
 G = Mean time per level.
                   A        B        C        D        E       F      G
               +--------+--------+--------+--------+--------+-----+--------+
         Total |  12230 |  11964 |    266 |   2525 |   7481 |  12 | 1019.2 |
       Dungeon |  12230 |  11964 |    266 |   2525 |   7481 |  12 | 1019.2 |
               +--------+--------+--------+--------+--------+-----+--------+

Top non-repeatable levels by time:
     D:5: 1785 daAuts
     D:9: 1364 daAuts
    D:11: 1224 daAuts
    D:10: 1163 daAuts
     D:1: 1096 daAuts
     D:7: 1054 daAuts
     D:3: 995 daAuts
     D:4: 945 daAuts
     D:6: 920 daAuts
     D:8: 783 daAuts
     D:2: 582 daAuts
    D:12: 315 daAuts
